 Dungeon Crawl Stone Soup version 0.18.1-48-g4cf74bf (webtiles) character file.

457 DungeonyCrawlthano the Insei (level 6, 12/47 HPs)
             Began as a Demonspawn Monk on Aug 12, 2016.
             Quit the game on level 4 of the Dungeon.
             The game lasted 00:05:49 (3646 turns).

DungeonyCrawlthano the Insei (Demonspawn Monk)      Turns: 3646, Time: 00:05:49

Health: 12/47      AC:  6    Str: 11    XL:     6   Next: 77%
Magic:  6/6        EV: 11    Int: 12    God:
Gold:   139        SH:  0    Dex: 17    Spells: 0 memorised, 5 levels left

rFire  . . .     SeeInvis .       - Unarmed
rCold  . . .     Gourm    .     a - +0 robe
rNeg   . . .     Faith    .     (no shield)
rPois  .         Spirit   .     (helmet restricted)
rElec  .         Dismiss  .     (no cloak)
rCorr  .         Reflect  .     (no gloves)
SustAt .         Harm     .     k - +0 pair of boots
MR     .....                    (no amulet)
Stlth  ++........               (no ring)
                                (no ring)

@: very heavily drained, not resistant to hostile enchantments, unstealthy
A: horns 1, slimy green scales 2
a: no special abilities


You were on level 4 of the Dungeon.
You were not hungry.

You visited 1 branch of the dungeon, and saw 4 of its levels.
You also visited: Sewer.

You collected 139 gold pieces.

Inventory:

Armour
 a - a +0 robe (worn)
 k - a +0 pair of boots (worn)
Scrolls
 f - 2 scrolls of fear
 h - a scroll of recharging
 p - a scroll of magic mapping
Potions
 g - 3 potions of curing
 i - 2 potions of lignification {unknown}
 l - 2 potions of brilliance {unknown}
 m - a potion of heal wounds
 n - 2 potions of flight
 o - a potion of magic {unknown}
 q - a potion of invisibility {unknown}
Comestibles
 b - a bread ration
 c - a beef jerky
 d - 3 fruits
 j - a slice of pizza


   Skills:
 - Level 3.0(0.0) Fighting
 - Level 2.6(0.0) Dodging
 - Level 1.7(0.0) Stealth
 + Level 7.5(2.7) Unarmed Combat


You had 5 spell levels left.
You didn't know any spells.

Dungeon Overview and Level Annotations

Branches:
Dungeon (4/15)
 Temple: D:4-7

Altars:
Nemelex Xobeh
Pakellas
Ru
Trog
Xom

Annotations:
D:4 boethius's ghost, novice MiFi


Innate Abilities, Weirdness & Mutations

You have a pair of small horns on your head.
You are mostly covered in slimy green scales (AC +3).


Message History

You are too injured to fight recklessly!
You are too injured to fight recklessly!
You are too injured to fight recklessly!
You are too injured to fight recklessly!
You are too injured to fight recklessly!
You are too injured to fight recklessly!
You are too injured to fight recklessly!
You are too injured to fight recklessly!
You are too injured to fight recklessly!
You are too injured to fight recklessly!
You are too injured to fight recklessly!
You are too injured to fight recklessly!
You are too injured to fight recklessly!
You are too injured to fight recklessly!
You are too injured to fight recklessly!
You are too injured to fight recklessly!
You are too injured to fight recklessly!
You are too injured to fight recklessly!
You are too injured to fight recklessly!
Are you sure you want to abandon this character and quit the game? (Confirm with "yes".)

#.. #< ..# #.. ...
..########.. #..
..#[........ #.#+#
#.#.######## #?#.# #.#.#
#... #.#.# #.#.#####...
.######.#[#####.#.....#...
......).W@...)............
######.#....#####........
........#....### #........
........#......# #........
...####.#.#....# #........
.. ..#.#....# #........
###.#....# #.....###
..#....# #.....# ########


You could see boethius's ghost.

Vanquished Creatures
  Edmund (D:4)
  A big kobold (Sewer)
  An orc priest (D:3)
  An orc wizard (D:3)
  3 river rats
  8 adders
  2 oozes (D:2)
  3 worms
  3 dart slugs
  2 giant geckos
  8 orcs (D:3)
  A ball python (D:2)
  8 giant cockroaches
  7 goblins
  9 hobgoblins
  6 jackals
  A quokka (D:3)
  7 bats
  A giant newt (D:2)
  9 kobolds
  8 rats
  A butterfly (D:3)
91 creatures vanquished.

Notes
Turn   | Place    | Note
--------------------------------------------------------------
     0 | D:1      | DungeonyCrawlthano the Demonspawn Monk began the quest for the Orb.
     0 | D:1      | Reached XP level 1. HP: 18/18 MP: 1/1
   323 | D:1      | Reached skill level 4 in Unarmed Combat
   357 | D:1      | Gained mutation: You have a pair of small horns on your head. [demonic ancestry]
   357 | D:1      | Reached XP level 2. HP: 23/24 MP: 2/2
   599 | D:2      | Gained mutation: You are partially covered in slimy green scales (AC +2). [demonic ancestry]
   599 | D:2      | Reached XP level 3. HP: 13/29 MP: 3/3
   961 | D:2      | Found a bloodstained altar of Trog.
   961 | D:2      | Found a sparkling altar of Nemelex Xobeh.
   961 | D:2      | Found an oddly glowing altar of Pakellas.
  1023 | D:2      | Reached skill level 5 in Unarmed Combat
  1292 | D:2      | Reached XP level 4. HP: 26/35 MP: 4/4
  1962 | D:3      | Found a sacrificial altar of Ru.
  2194 | D:3      | Found a glowing drain.
  2291 | Sewer    | Entered a sewer
  2299 | Sewer    | Gained mutation: You are mostly covered in slimy green scales (AC +3). [demonic ancestry]
  2299 | Sewer    | Reached XP level 5. HP: 20/41 MP: 5/5
  2530 | Sewer    | Reached skill level 6 in Unarmed Combat
  2732 | Sewer    | Found a white marble altar of Elyvilon.
  2899 | D:3      | Reached XP level 6. HP: 27/47 MP: 6/6
  3246 | D:3      | Found a shimmering altar of Xom.
  3257 | D:3      | Reached skill level 7 in Unarmed Combat
  3442 | D:4      | Noticed Edmund
  3461 | D:4      | HP: 2/47 [Edmund/flail of draining (3)]
  3495 | D:4      | Killed Edmund
  3638 | D:4      | Noticed boethius's ghost (novice MiFi)
  3646 | D:4      | Quit the game

Skill      XL: |  1  2  3  4  5  6 |
---------------+-------------------+-----
Unarmed Combat | 4 5 6 7 |  7.5
Fighting       | |  3.0
Dodging        | |  2.6
Stealth        | |  1.7

Action                   |  1- 3 |  4- 6 || total
-------------------------+-------+-------++-------
Melee: Unarmed           |   112 |   240 ||   352
       Headbutt          |    16 |    49 ||    65
       Punch             |       |     7 ||     7
  Use: Scroll            |     4 |     2 ||     6
       Potion            |       |     5 ||     5
 Stab: Sleeping          |     8 |     3 ||    11
  Eat: Chunk             |     1 |     8 ||     9
Armor: Robe              |    28 |    59 ||    87
Dodge: Dodged            |    78 |   132 ||   210
